[Event "14th Poti Open-A 2019"]
[Site "Poti"]
[Date "2019.07.18"]
[Round "7.19"]
[White "Adamia, Jaba"]
[Black "Virabyan, Gor"]
[Result "0-1"]
[ECO "D44"]
[WhiteElo "1819"]
[BlackElo "2048"]
[Annotator "NA RC"]
[PlyCount "96"]
[EventDate "2019.07.13"]
[EventType "swiss"]
[EventCountry "GEO"]
[SourceTitle "playchess.com"]
[Source "ChessBase"]
[SourceQuality "1"]
[TimeControl "40/5400+30:1800+30"]

1. d4 d5 2. Nf3 e6 3. c4 c6 4. Nc3 Nf6 5. Bg5 dxc4 6. e4 b5 7. e5 h6 8. Bh4 g5 9. Nxg5 hxg5 10. Bxg5 Nbd7 11. exf6 Bb7 12. Qc2 Nxf6 13. Be2 Be7 14. Bf3 Qxd4 15. Ne2 Qd8 16. Bxf6 Bxf6 17. O-O Qc7 18. Ng3 O-O-O 19. a4 Bd4 20. Rfd1 Kb8 21. Rac1 Be5 22. Qe2 Bf4 23. Rc2 Qe5 24. Qf1 Rxd1 25. Qxd1 Qd6 26. Qe2 Qd3 27. Nf1 Qxe2 28. Bxe2 a6 29. g3 Bh6 30. Bf3 c5 31. Bxb7 Kxb7 32. f4 Bg7 33. Kg2 Kc6 34. axb5+ axb5 35. Ne3 Ra8 36. f5 Ra2 37. fxe6 fxe6 38. Nd1 c3 39. Nxc3 Bxc3 40. Rxc3 Rxb2+ 41. Kh3 c4 42. Re3 Kd5 43. Re1 c3 44. g4 c2 45. Rc1 b4 46. g5 b3 47. g6 Ra2 48. Kg4 b2 0-1

[Event "14th Poti Open-A 2019"]
[Site "Poti"]
[Date "2019.07.18"]
[Round "7.20"]
[White "Ismayil, Malak"]
[Black "Kvaratskhelia, Dimitri"]
[Result "0-1"]
[ECO "C41"]
[WhiteElo "1886"]
[BlackElo "2014"]
[Annotator "NA RC"]
[PlyCount "98"]
[EventDate "2019.07.13"]
[EventType "swiss"]
[EventCountry "GEO"]
[SourceTitle "playchess.com"]
[Source "ChessBase"]
[SourceQuality "1"]
[TimeControl "40/5400+30:1800+30"]

1. e4 d6 2. d4 Nf6 3. Nc3 e5 4. Nf3 Nbd7 5. g3 Be7 6. Bg2 O-O 7. O-O c6 8. a4 Qc7 9. Nh4 Re8 10. Kh1 Bf8 11. Be3 Nb6 12. b3 Ng4 13. Bc1 a5 14. h3 Nf6 15. f4 exd4 16. Qxd4 Nbd7 17. Ba3 b6 18. Rad1 Nc5 19. Rfe1 Bb7 20. g4 d5 21. exd5 Nxb3 22. cxb3 Rxe1+ 23. Rxe1 Bxa3 24. dxc6 Bxc6 25. Nb5 Bxg2+ 26. Nxg2 Qc5 27. Qd3 Bb4 28. Re2 Rc8 29. Kh2 h6 30. Ne3 Qc1 31. Ng2 Qc6 32. Na7 Qc3 33. Qd1 Rf8 34. Re3 Qc5 35. Nb5 Rc8 36. Qf3 Qd5 37. Qe2 Rd8 38. Kg3 Bc5 39. Rf3 Qd2 40. Qc4 Re8 41. Qf1 Qb2 42. Kh2 Re2 43. g5 hxg5 44. fxg5 Qe5+ 45. Kh1 Nh5 46. Qd1 Ra2 47. Qd8+ Bf8 48. Kg1 Qe2 49. Nh4 Qh2+ 0-1

[Event "14th Poti Open-A 2019"]
[Site "Poti"]
[Date "2019.07.18"]
[Round "7.21"]
[White "Bechvaia, Gabriel"]
[Black "Mchedlishvili, Ramaz"]
[Result "1-0"]
[ECO "E16"]
[WhiteElo "1793"]
[BlackElo "1441"]
[Annotator "NA RC"]
[PlyCount "84"]
[EventDate "2019.07.13"]
[EventType "swiss"]
[EventCountry "GEO"]
[SourceTitle "playchess.com"]
[Source "ChessBase"]
[SourceQuality "1"]
[TimeControl "40/5400+30:1800+30"]

1. d4 Nf6 2. c4 e6 3. Nf3 Bb4+ 4. Bd2 Qe7 5. Qc2 O-O 6. e4 Bxd2+ 7. Nbxd2 d6 8. Bd3 e5 9. O-O Nc6 10. Qc3 Bg4 11. d5 Nb8 12. b4 Bxf3 13. Nxf3 a5 14. a3 Na6 15. Rfc1 Nd7 16. Nd2 c6 17. dxc6 bxc6 18. Nb3 axb4 19. axb4 c5 20. b5 Nb4 21. Rd1 Nb6 22. Be2 Rxa1 23. Nxa1 Ra8 24. Nc2 Nxc2 25. Qxc2 Kf8 26. Qd2 Rd8 27. Ra1 Qe6 28. Ra6 Rb8 29. h3 Ke7 30. Qa5 Nd7 31. Qc7 Qh6 32. g3 Qc1+ 33. Kg2 Qd2 34. Bg4 Rd8 35. Ra7 Qd4 36. Qc6 h5 37. Bxd7 Kf6 38. Bf5 g6 39. Qc7 Rf8 40. Qe7+ Kg7 41. Qg5 Qxc4 42. Bxg6 Rc8 1-0

[Event "14th Poti Open-A 2019"]
[Site "Poti"]
[Date "2019.07.18"]
[Round "7.22"]
[White "Naqopia, Giorgi"]
[Black "Nurijanyan, Alex"]
[Result "1-0"]
[ECO "B20"]
[WhiteElo "1680"]
[BlackElo "1610"]
[Annotator "NA"]
[PlyCount "53"]
[EventDate "2019.07.13"]
[EventType "swiss"]
[EventCountry "GEO"]
[SourceTitle "playchess.com"]
[Source "ChessBase"]
[SourceQuality "1"]
[TimeControl "40/5400+30:1800+30"]

1. e4 c5 2. b4 cxb4 3. a3 d5 4. exd5 Qxd5 5. Bb2 Nf6 6. axb4 Bg4 7. Ne2 Nc6 8. Nbc3 Qd7 9. h3 Bh5 10. Qb1 e5 11. b5 Nb4 12. Ba3 a5 13. bxa6 Rxa6 14. Ng3 Rb6 15. Bxb4 Bxb4 16. Ra8+ Ke7 17. Rxh8 Bxc3 18. Nf5+ Qxf5 19. Qxb6 Qe4+ 20. Qe3 Qb4 21. f3 Nd5 22. Qg5+ f6 23. Qxg7+ Ke6 24. Qg8+ Kf5 25. Bd3+ Kf4 26. g3+ Kxf3 27. O-O# 1-0

[Event "14th Poti Open-A 2019"]
[Site "Poti"]
[Date "2019.07.18"]
[Round "7.23"]
[White "Kavkasidze, Ilia"]
[Black "Mikayelyan, Mikael"]
[Result "0-1"]
[ECO "D02"]
[WhiteElo "1704"]
[BlackElo "1736"]
[Annotator "NA RC"]
[PlyCount "146"]
[EventDate "2019.07.13"]
[EventType "swiss"]
[EventCountry "GEO"]
[SourceTitle "playchess.com"]
[Source "ChessBase"]
[SourceQuality "1"]
[TimeControl "40/5400+30:1800+30"]

1. d4 d5 2. Bf4 Nf6 3. Nf3 Bf5 4. e3 e6 5. Bd3 Bg6 6. Ne5 Nbd7 7. Bg5 Be7 8. Nd2 Nxe5 9. dxe5 Nd7 10. Bxe7 Qxe7 11. f4 Nc5 12. Qe2 c6 13. h4 Bxd3 14. cxd3 h5 15. d4 Na4 16. b3 Nb6 17. Qd3 Rh6 18. Nf3 Nc8 19. a3 Qd7 20. g3 Ne7 21. Kf2 Nf5 22. Rac1 f6 23. Rcd1 Kf7 24. Rhg1 Rah8 25. g4 hxg4 26. Rxg4 Qe7 27. Rdg1 Qxa3 28. Qc2 Qe7 29. Ra1 a6 30. Rag1 Kf8 31. Qc3 Qa3 32. Ra1 Qe7 33. Rag1 Kf7 34. Qc2 R8h7 35. exf6 gxf6 36. Qd3 Rh8 37. R1g2 Kf8 38. Qc3 Qa3 39. Rh2 Kf7 40. Qc2 a5 41. Rh1 a4 42. Rb1 axb3 43. Rxb3 Qa6 44. Qb2 Nd6 45. Qb1 Ne4+ 46. Kg1 b5 47. Rb2 Qa3 48. Rb3 Qa8 49. Rb2 Rg8 50. Rbg2 Rxg4 51. Rxg4 Qa3 52. Qe1 b4 53. Ng5+ fxg5 54. fxg5 Rg6 55. Qf1+ Ke7 56. Qf4 Qa7 57. h5 Rg8 58. g6 Rf8 59. Qe5 Qa1+ 60. Kh2 Rf2+ 61. Rg2 Rxg2+ 62. Kxg2 Qb2+ 63. Kh3 Qf2 64. g7 Qxe3+ 65. Kh4 Qe1+ 66. Kh3 Nf2+ 67. Kg2 Qxe5 68. g8=Q Qxh5 69. Qb8 Ne4 70. Qc7+ Kf6 71. Qd8+ Kf5 72. Qf8+ Nf6 73. Kf2 b3 0-1

[Event "14th Poti Open-A 2019"]
[Site "Poti"]
[Date "2019.07.18"]
[Round "7.24"]
[White "Khukhunaishvili, Tariel"]
[Black "Bolkvadze, Tedo"]
[Result "0-1"]
[ECO "C02"]
[WhiteElo "1722"]
[BlackElo "1611"]
[Annotator "NA"]
[PlyCount "74"]
[EventDate "2019.07.13"]
[EventType "swiss"]
[EventCountry "GEO"]
[SourceTitle "playchess.com"]
[Source "ChessBase"]
[SourceQuality "1"]
[TimeControl "40/5400+30:1800+30"]

1. e4 e6 2. d4 d5 3. e5 c5 4. c3 Nc6 5. Nf3 Qb6 6. Bd3 cxd4 7. cxd4 Bd7 8. Be2 Nge7 9. b3 Nf5 10. Bb2 Bb4+ 11. Kf1 h5 12. g3 Be7 13. h3 g5 14. Kg2 O-O-O 15. g4 hxg4 16. hxg4 Rxh1 17. Kxh1 Rh8+ 18. Kg2 Nh4+ 19. Nxh4 Rxh4 20. Qd3 f5 21. Nd2 fxg4 22. Rc1 Kb8 23. Nf1 Qd8 24. Qg3 Qb6 25. Qd3 Nb4 26. Qb1 Qd8 27. a3 Nc6 28. Ne3 Qf8 29. Qc2 Qf4 30. Nf1 Bd8 31. Rd1 Bb6 32. Qd3 Nxe5 33. Qg3 Qe4+ 34. f3 Qxe2+ 35. Kg1 Qxd1 36. Qxe5+ Bc7 37. Qxg5 Rh1+ 0-1

[Event "14th Poti Open-A 2019"]
[Site "Poti"]
[Date "2019.07.18"]
[Round "7.28"]
[White "Gegia, Davit"]
[Black "Farzaliev, Elnur"]
[Result "1-0"]
[ECO "E30"]
[WhiteElo "1386"]
[BlackElo "1327"]
[Annotator "NA"]
[PlyCount "95"]
[EventDate "2019.07.13"]
[EventType "swiss"]
[EventCountry "GEO"]
[SourceTitle "playchess.com"]
[Source "ChessBase"]
[SourceQuality "1"]
[TimeControl "40/5400+30:1800+30"]

1. d4 Nf6 2. c4 e6 3. Nc3 Bb4 4. Bg5 c5 5. Bxf6 Qxf6 6. e3 Nc6 7. Nf3 O-O 8. a3 Bxc3+ 9. bxc3 d5 10. cxd5 exd5 11. Be2 c4 12. O-O Qe7 13. Nd2 Bf5 14. Bf3 Rfd8 15. Re1 b5 16. e4 dxe4 17. Nxe4 Bxe4 18. Bxe4 Qd6 19. Qh5 g6 20. Qxb5 Rac8 21. Bf3 Ne7 22. Qe5 Qxe5 23. Rxe5 Kf8 24. Rb1 Rb8 25. Reb5 Rxb5 26. Rxb5 a6 27. Rb4 Nf5 28. Kf1 Nd6 29. a4 Rc8 30. Rb6 Ke7 31. Ke2 Kd7 32. Kd2 a5 33. Kc2 Rc7 34. Ra6 f5 35. Rxa5 Ke6 36. Bd5+ Kf6 37. Ra6 Rd7 38. Bxc4 Kg5 39. Bd5 Kh4 40. c4 h5 41. Kd3 g5 42. c5 Nb7 43. Bxb7 Rxb7 44. c6 Rb2 45. c7 Rxf2 46. c8=Q Kg4 47. Rf6 h4 48. Qe6 1-0

[Event "14th Poti Open-A 2019"]
[Site "Poti"]
[Date "2019.07.19"]
[Round "8.14"]
[White "Melkonyan, Vardan"]
[Black "Buniatyan, David"]
[Result "1/2-1/2"]
[ECO "A45"]
[WhiteElo "2232"]
[BlackElo "2014"]
[Annotator "RC"]
[PlyCount "101"]
[EventDate "2019.07.13"]
[EventType "swiss"]
[EventCountry "GEO"]
[SourceTitle "playchess.com"]
[Source "ChessBase"]
[SourceQuality "1"]
[TimeControl "40/5400+30:1800+30"]

1. d4 Nf6 2. Bg5 Ne4 3. Bf4 d5 4. Nd2 Bf5 5. Ngf3 e6 6. Nxe4 Bxe4 7. e3 Bd6 8. Bg3 c5 9. c3 Nc6 10. Qb3 O-O 11. Qxb7 Na5 12. Qa6 Bxg3 13. hxg3 Rb8 14. b3 Qc7 15. Rc1 cxd4 16. Nxd4 Nb7 17. b4 Nd6 18. f3 Nf5 19. Nxf5 Bxf5 20. g4 Bg6 21. Kf2 Rxb4 22. cxb4 Qxc1 23. Qxa7 h6 24. b5 Rc8 25. Kg3 Qe1+ 26. Kh3 Bd3 27. Qd7 Rf8 28. b6 g5 29. Kh2 Bxf1 30. Qc7 Qf2 31. Rxf1 Qxf1 32. b7 Qb5 33. a4 Qxa4 34. b8=Q Rxb8 35. Qxb8+ Kg7 36. Qe5+ Kh7 37. Qf6 Qe8 38. Kg1 Qg8 39. Qc3 Qg7 40. Qc2+ Qg6 41. Qc3 Qb1+ 42. Kh2 Qb8+ 43. Kg1 Qg3 44. Kf1 Qh2 45. Qc2+ Kg7 46. Qc3+ f6 47. Qc6 Qe5 48. Qd7+ Kf8 49. Qd8+ Kf7 50. Qd7+ Kf8 51. Qd8+ 1/2-1/2

[Event "14th Poti Open-A 2019"]
[Site "Poti"]
[Date "2019.07.19"]
[Round "8.17"]
[White "Virabyan, Gor"]
[Black "Manukyan, Aleks"]
[Result "1-0"]
[ECO "A05"]
[WhiteElo "2048"]
[BlackElo "2097"]
[Annotator "NA RC"]
[PlyCount "105"]
[EventDate "2019.07.13"]
[EventType "swiss"]
[EventCountry "GEO"]
[SourceTitle "playchess.com"]
[Source "ChessBase"]
[SourceQuality "1"]
[TimeControl "40/5400+30:1800+30"]

1. Nf3 Nf6 2. b3 c5 3. Bb2 e6 4. e3 Be7 5. d4 b6 6. Bd3 Bb7 7. O-O O-O 8. Nbd2 Nc6 9. c4 {[%emt 0:01:19] A47: 1 d4 Nf6 2 Nf3 b6: Torre, London and Colle Systems} (9. a3 Rc8 10. Re1 d5 11. Qe2 cxd4 12. exd4 Re8 13. c4 Bf8 14. Rad1 g6 15. Qe3 Bg7 16. Ne5 dxc4 17. bxc4 Nxe5 18. dxe5 {0-1 (48) Mamedyarov,S (2768)-Leko,P (2693) Doha 2016}) 9... Rc8 10. Rc1 d6 11. Qe2 Qc7 12. Rfd1 Rfd8 13. Bb1 Ba6 $146 ({Predecessor:} 13... Nb8 14. h3 Nbd7 15. Nf1 Ne4 16. d5 exd5 17. cxd5 {0-1 (43) Starke,R (2140)-Enxing,S Germany 1997}) 14. a3 d5 15. Ne5 Nxe5 16. dxe5 Nd7 17. f4 Nf8 18. Qg4 Ng6 19. h4 Nxh4 20. cxd5 Rxd5 21. e4 Rd7 22. f5 Qd8 23. Nc4 Bxc4 24. bxc4 h5 25. Qxh5 Rd2 26. Bc3 Rxg2+ 27. Kh1 Qc7 28. Rg1 Rxg1+ 29. Rxg1 Qc6 30. f6 Nf5 31. Rg2 g6 32. fxe7 Nxe7 33. Qh4 Kf8 34. Qh6+ Ke8 35. Rd2 Nf5 36. Qh8+ Ke7 37. Qf6+ Kf8 38. Kg1 Ng7 {[%emt 0:01:06] [#]} 39. Rf2 $18 Qd7 40. Bd2 Kg8 41. Bc2 Nh5 42. Qf3 Qe7 43. Qg4 Qc7 44. Qg5 Rd8 45. Be3 b5 46. cxb5 c4 47. a4 c3 48. a5 Qxa5 49. b6 Re8 50. bxa7 Qa1+ 51. Kg2 Qa5 52. Bd1 Ng7 53. Qf6 1-0

[Event "14th Poti Open-A 2019"]
[Site "Poti"]
[Date "2019.07.19"]
[Round "8.18"]
[White "Kvaratskhelia, Dimitri"]
[Black "Qalichava, Akaki"]
[Result "1/2-1/2"]
[ECO "E15"]
[WhiteElo "2014"]
[BlackElo "1808"]
[Annotator "NA RC"]
[PlyCount "53"]
[EventDate "2019.07.13"]
[EventType "swiss"]
[EventCountry "GEO"]
[SourceTitle "playchess.com"]
[Source "ChessBase"]
[SourceQuality "1"]
[TimeControl "40/5400+30:1800+30"]

1. d4 Nf6 2. c4 e6 3. Nf3 b6 4. g3 Ba6 5. b3 Bb4+ 6. Bd2 Be7 7. Bg2 d5 8. Ne5 c6 9. O-O Nfd7 10. Nxd7 Nxd7 11. Bc3 Rc8 12. Nd2 O-O 13. e4 dxe4 14. Nxe4 {[%emt 0:00:25] E15: Queen's Indian: 4 g3 sidelines, 4 g3 Ba6 and 4 g3 Bb7 early deviations} Nf6 15. a4 Nxe4 16. Bxe4 Bf6 17. Qd3 g6 $146 ({Predecessor:} 17... h6 18. Rfd1 Qc7 19. h4 Rfd8 20. Qf3 c5 {½-½ (53) Teske,H (2529)-Markos,J (2467) Pardubice 2002}) 18. Rfd1 Qc7 19. h4 h5 $14 20. Qe3 Rfd8 21. Rac1 Bg7 22. Bf3 Re8 23. Rc2 Rcd8 24. Rcd2 Bb7 25. Qe4 Re7 26. Qc2 Red7 27. Qb2 1/2-1/2

[Event "14th Poti Open-A 2019"]
[Site "Poti"]
[Date "2019.07.19"]
[Round "8.19"]
[White "Pluzyan, Aram"]
[Black "Sukiasyan, Artem V."]
[Result "1/2-1/2"]
[ECO "C25"]
[WhiteElo "2087"]
[BlackElo "1921"]
[Annotator "NA RC"]
[PlyCount "50"]
[EventDate "2019.07.13"]
[EventType "swiss"]
[EventCountry "GEO"]
[SourceTitle "playchess.com"]
[Source "ChessBase"]
[SourceQuality "1"]
[TimeControl "40/5400+30:1800+30"]

1. e4 e5 2. Nc3 Bc5 3. Bc4 Nf6 4. Nf3 d6 5. d3 h6 6. Na4 Bb6 7. Nxb6 axb6 8. h3 Nc6 9. a3 O-O 10. O-O Be6 11. Qe2 (11. Bxe6 $11 fxe6 12. a4) 11... Bxc4 12. dxc4 Nh7 13. g4 Qd7 14. Kh2 g5 15. Rd1 Qe6 $11 16. Be3 Qg6 17. Nd2 Rfd8 18. f3 Nf8 19. Nf1 Ne6 20. Ng3 Qf6 21. Qf2 Ne7 22. Rh1 Ng6 23. Nf5 Ne7 24. Ng3 Ng6 25. Nf5 Ne7 1/2-1/2

[Event "14th Poti Open-A 2019"]
[Site "Poti"]
[Date "2019.07.19"]
[Round "8.20"]
[White "Mindiashvili, Tengiz"]
[Black "Ismayil, Malak"]
[Result "1-0"]
[ECO "A01"]
[WhiteElo "1862"]
[BlackElo "1886"]
[Annotator "NA RC"]
[PlyCount "153"]
[EventDate "2019.07.13"]
[EventType "swiss"]
[EventCountry "GEO"]
[SourceTitle "playchess.com"]
[Source "ChessBase"]
[SourceQuality "1"]
[TimeControl "40/5400+30:1800+30"]

1. b3 Nf6 2. Bb2 g6 3. Bxf6 exf6 4. c4 Bg7 5. Nc3 f5 6. Rc1 {[%emt 0:00:24] A01: Nimzowitsch-Larsen Opening} Nc6 (6... c5 7. g3 O-O 8. Bg2 Nc6 9. Nh3 g5 10. f4 h6 11. O-O d6 12. fxg5 hxg5 {1-0 (40) Rapport,R (2709)-Naiditsch,A (2711) Jurmala 2015}) 7. g3 O-O 8. e3 Re8 9. Bg2 a6 10. Nge2 b5 11. O-O Rb8 12. cxb5 $146 ({Predecessor:} 12. d4 Ne7 {1-0 (44) Jota,J (2101)-Laylo,D (2433) Manila 2017}) 12... axb5 13. a4 bxa4 14. bxa4 Nb4 15. d4 Ba6 16. Qd2 d5 17. Rb1 Bf8 (17... c6 $11 {remains equal.}) 18. Rb2 c6 19. Rfb1 Qc7 20. Nc1 Rb7 21. Bf1 Bxf1 22. Kxf1 Reb8 23. Nd3 Nxd3 24. Rxb7 Rxb7 25. Qxd3 Rxb1+ 26. Qxb1 Qa5 27. Qc2 Kg7 28. Ne2 Qa6 29. Kg2 Bb4 30. Nf4 Qc4 31. Qd1 Qa2 32. h4 h6 33. Nd3 Bd6 34. Nc1 Qb1 35. a5 Qb5 36. Nb3 Qa4 37. Qd3 Qc4 38. Qxc4 dxc4 39. Nd2 c3 40. Nb3 Kf6 41. Kf3 Ke7 42. Ke2 Kd8 43. Kd3 Kc7 44. Kxc3 Kb7 45. Kc4 Ka6 46. Nc5+ Ka7 47. d5 cxd5+ 48. Kxd5 Bc7 49. a6 Kb6 50. Nd7+ Kxa6 51. Ne5 Ba5 52. Kd6 Bb4+ 53. Kd7 Kb5 54. Ke8 f6 55. Nxg6 Be1 56. Ne7 Bxf2 57. Nxf5 Kc4 58. Kf7 Kd5 59. Kxf6 h5 60. Kg5 Ke4 61. Kxh5 Kxf5 62. g4+ Kf6 63. g5+ Kf5 $2 (63... Ke6 $11) 64. g6 Kf6 $18 65. Kh6 Bxh4 66. g7 Bg5+ 67. Kh7 Bxe3 68. g8=Q Ke5 69. Kg6 Ke4 70. Qe6+ Kd3 71. Kf5 Bd4 72. Qd5 Kc3 73. Ke4 Bh8 74. Qc5+ Kb3 75. Kd3 Bb2 76. Qc4+ Ka3 77. Ke4 1-0

[Event "14th Poti Open-A 2019"]
[Site "Poti"]
[Date "2019.07.19"]
[Round "8.21"]
[White "Mikayelyan, Mikael"]
[Black "Bechvaia, Gabriel"]
[Result "1-0"]
[ECO "A05"]
[WhiteElo "1736"]
[BlackElo "1793"]
[Annotator "NA RC"]
[PlyCount "117"]
[EventDate "2019.07.13"]
[EventType "swiss"]
[EventCountry "GEO"]
[SourceTitle "playchess.com"]
[Source "ChessBase"]
[SourceQuality "1"]
[TimeControl "40/5400+30:1800+30"]

1. Nf3 Nf6 2. g3 g6 3. Bg2 Bg7 4. O-O O-O 5. c4 d6 6. Nc3 Nbd7 7. d3 e5 8. Rb1 c6 9. Nd2 Nb6 10. b4 d5 11. a4 Be6 12. a5 Nbd7 13. Qb3 e4 14. Qa3 exd3 15. exd3 Ne5 16. d4 Nxc4 17. Nxc4 dxc4 18. a6 Qd7 19. b5 Bd5 20. axb7 Qxb7 21. bxc6 Qxc6 22. Nxd5 Nxd5 23. Qa5 Rad8 24. Rb5 Qf6 25. Rxd5 Rxd5 26. Qxd5 Qxd4 27. Qxd4 Bxd4 28. Be3 Bxe3 29. fxe3 Rc8 30. Rc1 Kg7 31. Rc3 f5 32. Bf1 Rc7 33. Rxc4 Re7 34. Kf2 Kf6 35. Ke2 Ke5 36. Bg2 Rd7 37. Rc5+ Kf6 38. Rb5 Rc7 39. Kd2 Rd7+ 40. Rd5 Rc7 41. Rd4 Ke5 42. Bd5 g5 43. Bb3 h5 44. Rd5+ Ke4 45. Rd8 f4 46. gxf4 gxf4 47. Rd4+ Ke5 48. Rxf4 Rg7 49. Ke2 Rg2+ 50. Rf2 Rg4 51. Bd1 a5 52. Bc2 h4 53. Kf1 a4 54. Rf5+ Kd6 55. Rf4 Rxf4+ 56. exf4 Kd5 57. Kf2 a3 58. Kf3 Kc4 59. Bh7 1-0

[Event "14th Poti Open-A 2019"]
[Site "Poti"]
[Date "2019.07.19"]
[Round "8.22"]
[White "Bolkvadze, Tedo"]
[Black "Naqopia, Giorgi"]
[Result "0-1"]
[ECO "A46"]
[WhiteElo "1611"]
[BlackElo "1680"]
[Annotator "NA RC"]
[PlyCount "84"]
[EventDate "2019.07.13"]
[EventType "swiss"]
[EventCountry "GEO"]
[SourceTitle "playchess.com"]
[Source "ChessBase"]
[SourceQuality "1"]
[TimeControl "40/5400+30:1800+30"]

1. d4 Nf6 2. Nf3 d6 3. c4 Nbd7 4. g3 e5 5. Bg2 c6 6. O-O e4 7. Ng5 d5 8. cxd5 cxd5 9. Nc3 h6 10. Nh3 Nb6 11. f3 exf3 12. exf3 Be7 13. Nf2 O-O 14. Nd3 Bf5 15. Ne5 Rc8 16. Be3 Nc4 17. Nxc4 dxc4 18. Qd2 Bb4 19. Qf2 Bxc3 20. bxc3 Qa5 21. Qb2 b5 22. Bd2 Rfe8 23. Rfe1 Qb6 24. a4 Rxe1+ 25. Bxe1 bxa4 26. Qxb6 axb6 27. Rxa4 Re8 28. Kf2 Bd3 29. Ra2 Nd5 30. f4 Ne3 31. Bf3 Nf1 32. h3 Nxg3 33. Kxg3 Rxe1 34. Ra8+ Kh7 35. Rb8 Rc1 36. Rxb6 Rxc3 37. Kf2 Bf5 38. h4 Rd3 39. d5 c3 40. Rc6 c2 41. d6 Rxd6 42. Rxd6 c1=Q 0-1

[Event "14th Poti Open-A 2019"]
[Site "Poti"]
[Date "2019.07.19"]
[Round "8.23"]
[White "Liponava, Zurab"]
[Black "Nurijanyan, Alex"]
[Result "1-0"]
[ECO "C04"]
[WhiteElo "1793"]
[BlackElo "1610"]
[Annotator "NA RC"]
[PlyCount "97"]
[EventDate "2019.07.13"]
[EventType "swiss"]
[EventCountry "GEO"]
[SourceTitle "playchess.com"]
[Source "ChessBase"]
[SourceQuality "1"]
[TimeControl "40/5400+30:1800+30"]

1. e4 e6 2. d4 d5 3. Nd2 Nc6 4. Ngf3 Nf6 5. e5 Nd7 6. Bb5 f6 7. exf6 Qxf6 8. c3 Bd6 9. Nf1 O-O 10. Ne3 Ne7 11. O-O c6 12. Bd3 Ng6 13. Ng4 Qf7 14. Ng5 Qe7 15. Bxg6 hxg6 16. Qd3 Rf5 17. f4 Nf6 18. Nxf6+ gxf6 19. g4 fxg5 20. gxf5 gxf4 21. fxg6 e5 22. dxe5 Qg5+ 23. Kh1 Bf5 24. Bxf4 Qg4 25. Qg3 Be4+ 26. Kg1 Bc5+ 27. Rf2 Qe2 28. Bg5 Qxb2 29. Raf1 Qe2 30. Qh3 Bxg6 31. Bf6 Qh5 32. Qg3 Kf7 33. h4 Rg8 34. Bg5+ Bf5 35. Qf4 Qh7 36. Kh2 Bxf2 37. Rxf2 Ke6 38. Qb4 Qc7 39. Rxf5 Kxf5 40. Qf4+ Kg6 41. Qf6+ Kh5 42. Qh6+ Kg4 43. Qe6+ Kf3 44. Qf5+ Ke2 45. Qc2+ Ke1 46. Qd2+ Kf1 47. Qd3+ Kf2 48. Be3+ Kf3 49. Bb6+ 1-0

[Event "14th Poti Open-A 2019"]
[Site "Poti"]
[Date "2019.07.19"]
[Round "8.24"]
[White "Mchedlishvili, Ramaz"]
[Black "Kavkasidze, Ilia"]
[Result "1-0"]
[ECO "A01"]
[WhiteElo "1441"]
[BlackElo "1704"]
[Annotator "NA RC"]
[PlyCount "83"]
[EventDate "2019.07.13"]
[EventType "swiss"]
[EventCountry "GEO"]
[SourceTitle "playchess.com"]
[Source "ChessBase"]
[SourceQuality "1"]
[TimeControl "40/5400+30:1800+30"]

1. b3 Nf6 2. Bb2 g6 3. Bxf6 exf6 4. c4 Bg7 5. Nc3 O-O 6. g3 Re8 7. Bg2 c6 8. e3 b6 9. Nge2 Bb7 10. O-O Qc7 11. d4 f5 12. Rc1 d6 13. Qc2 Nd7 14. Nf4 Nf6 15. h4 h5 16. Rfd1 Qe7 17. b4 Rac8 18. Qb3 Ng4 19. Nce2 Kf8 20. a4 a6 21. c5 dxc5 22. dxc5 b5 23. axb5 axb5 24. Rd6 Bf6 25. Rcd1 Red8 26. Nd4 Rxd6 27. cxd6 Qd7 28. Nde6+ fxe6 29. Nxe6+ Ke8 30. Nc5 Qf7 31. d7+ Kf8 32. dxc8=Q+ Bxc8 33. Qxf7+ Kxf7 34. Bxc6 Bc3 35. Rd8 Be6 36. Be8+ Ke7 37. Nxe6 Kxe6 38. Bxg6 Bxb4 39. Bxh5 Nf6 40. Be2 Ne4 41. Bd3 Nc3 42. Bxb5 {[%emt 0:01:54] Kd5} 1-0

[Event "14th Poti Open-A 2019"]
[Site "Poti"]
[Date "2019.07.19"]
[Round "8.27"]
[White "Gegia, Davit"]
[Black "Ghvamberia, Gela"]
[Result "1-0"]
[ECO "D02"]
[WhiteElo "1386"]
[BlackElo "1291"]
[Annotator "NA RC"]
[PlyCount "103"]
[EventDate "2019.07.13"]
[EventType "swiss"]
[EventCountry "GEO"]
[SourceTitle "playchess.com"]
[Source "ChessBase"]
[SourceQuality "1"]
[TimeControl "40/5400+30:1800+30"]

1. d4 d5 2. Bf4 Nf6 3. Nf3 Bf5 4. e3 Nbd7 5. Bd3 Bxd3 6. Qxd3 e6 7. Ne5 Nh5 8. Bg3 a6 9. Nxd7 Qxd7 10. Nd2 Nxg3 11. hxg3 h6 12. c3 Bd6 13. f4 c5 14. g4 c4 15. Qc2 b5 16. g5 h5 17. g4 h4 18. Nf3 h3 19. Ng1 O-O-O 20. O-O-O Rh4 21. Rxh3 Rxh3 22. Nxh3 b4 23. Ng1 bxc3 24. Qxc3 Qb5 25. a3 Kd7 26. Nf3 Rc8 27. Rh1 Bc7 28. Ne5+ Ke7 29. Qb4+ Qxb4 30. Nc6+ Kd6 31. Nxb4 a5 32. Na2 g6 33. Nc3 Rb8 34. Rh7 Ke7 35. f5 Rg8 36. f6+ Ke8 37. Kc2 Rf8 38. e4 Bf4 39. exd5 Bxg5 40. Ne4 Bf4 41. dxe6 fxe6 42. Re7+ Kd8 43. Rxe6 Kd7 44. Re7+ Kc6 45. g5 Kd5 46. Kc3 Rh8 47. f7 Rf8 48. Nf6+ Kd6 49. Ra7 Ke6 50. d5+ Kf5 51. Nh7 Be5+ 52. Kxc4 1-0

[Event "14th Poti Open-A 2019"]
[Site "Poti"]
[Date "2019.07.20"]
[Round "9.3"]
[White "Urazayev, Arystanbek"]
[Black "Shahinyan, David"]
[Result "0-1"]
[ECO "C41"]
[WhiteElo "2436"]
[BlackElo "2445"]
[Annotator "NA"]
[PlyCount "114"]
[EventDate "2019.07.13"]
[EventType "swiss"]
[EventCountry "GEO"]
[SourceTitle "playchess.com"]
[Source "ChessBase"]
[SourceQuality "1"]
[TimeControl "40/5400+30:1800+30"]

1. e4 d6 2. d4 Nf6 3. Nc3 e5 4. Nf3 Nbd7 5. Bc4 Be7 6. O-O O-O 7. a4 c6 8. h3 h6 9. Re1 Re8 10. Be3 {[%emt 0:04:58] C41: Philidor Defence} Qa5 $146 ({Predecessor:} 10... Qc7 11. Ba2 Nf8 12. Qd3 Ng6 13. a5 Nh5 14. Ne2 Bf8 15. d5 c5 16. Qd2 Qd8 17. Bc4 Bd7 18. Kh2 Nh4 19. Nxh4 Qxh4 {1-0 (73) Rodshtein,M (2673)-Moussard,J (2601) Skopje 2019}) 11. Ba2 exd4 12. Nxd4 Ne5 13. Qd2 Qb4 14. Nd5 Nxd5 15. exd5 Qxd2 16. Bxd2 Bd7 17. Ne2 Bf5 18. Nd4 Bd7 19. Ne2 c5 20. a5 b5 21. Ng3 Bf8 22. Rad1 Ng6 23. Rxe8 Rxe8 24. Be3 f5 25. Ne2 Re4 26. Nc3 Rb4 27. Bc1 Be7 28. Bb3 Bd8 29. Bd2 Rh4 30. g3 Rxh3 31. Kg2 f4 32. Ne4 f3+ 33. Kxf3 Nh4+ 34. Ke3 Nf5+ 35. Kd3 c4+ 36. Bxc4 bxc4+ 37. Kxc4 a6 38. Kd3 Ne7 39. c4 Rh5 40. b4 Nc8 41. Bf4 Be7 42. Kd4 Rf5 43. c5 Ba4 44. Rc1 {[%emt 0:03:33] [#]} Bf6+ $17 45. Nxf6+ Rxf6 46. Re1 Kf7 47. cxd6 Nxd6 48. Kc5 Nb7+ 49. Kd4 g5 50. Be5 Rxf2 51. Rc1 Rd2+ 52. Ke4 Bc2+ 53. Kf3 Kg6 54. b5 Nc5 55. Bd6 Nb3 56. bxa6 Nxc1 57. a7 Re2 0-1

[Event "14th Poti Open-A 2019"]
[Site "Poti"]
[Date "2019.07.20"]
[Round "9.4"]
[White "Nigalidze, Gaioz"]
[Black "Paichadze, Luka"]
[Result "0-1"]
[ECO "E21"]
[WhiteElo "2563"]
[BlackElo "2567"]
[Annotator "ChessBase"]
[PlyCount "54"]
[EventDate "2019.07.13"]
[EventType "swiss"]
[EventCountry "GEO"]
[SourceTitle "playchess.com"]
[Source "ChessBase"]
[SourceQuality "1"]
[TimeControl "40/5400+30:1800+30"]

1. d4 Nf6 2. c4 e6 3. Nf3 Bb4+ 4. Nc3 b6 5. g3 Bb7 6. Bg2 O-O 7. O-O Bxc3 8. bxc3 d6 9. a4 Nc6 10. d5 Na5 11. dxe6 fxe6 12. Nd2 Bxg2 13. Kxg2 Qe8 14. e4 Qc6 15. Qe2 Nd7 16. f4 Nc5 17. Rb1 Qxa4 18. e5 dxe5 19. Qxe5 Rad8 20. Qe2 Qc2 21. Rb2 Qxc3 22. Ra2 Rd3 23. Ba3 Rfd8 24. Nb1 Qxc4 25. Bxc5 bxc5 26. Rxa5 Rxg3+ 27. Kf2 Rg2+ 0-1